 Dungeon Crawl Stone Soup version 0.17.1-3-g152610e (webtiles) character file.

49 jacquesderrida the Caller (level 3, 2/24 HPs)
             Began as a Demonspawn Summoner on Apr 28, 2016.
             Quit the game on level 3 of the Dungeon.
             The game lasted 00:03:49 (739 turns).

jacquesderrida the Caller (Demonspawn Summoner)      Turns: 739, Time: 00:03:49

Health: 2/24       AC:  4    Str:  8    XL:     3   Next: 51%
Magic:  6/6        EV: 12    Int: 17    God:
Gold:   124        SH:  0    Dex: 13    Spells: 2 memorised, 3 levels left

rFire  . . .     SeeInvis .     o - +0 spear
rCold  . . .     Clarity  .     a - +0 robe
rNeg   . . .     SustAt   .     (no shield)
rPois  .         Gourm    .     g - +0 helmet
rElec  .         Spirit   .     d - +0 cloak
rCorr  .         Warding  .     (no gloves)
rMut   .         Stasis   .     (no boots)
MR     .....                    (no amulet)
Stlth  ++........               (no ring)
                                (no ring)

@: very slightly contaminated, invisible, not resistant to hostile enchantments,
unstealthy
A: talons 1
a: no special abilities


You were on level 3 of the Dungeon.
You were hungry.

You visited 1 branch of the dungeon, and saw 3 of its levels.

You collected 124 gold pieces.

Inventory:

Hand Weapons
 e - a +0 dagger
 o - a +0 spear (weapon)
 r - a +0 shortbow
Missiles
 m - 14 poisoned needles
Armour
 a - a +0 robe (worn)
 d - a +0 cloak (worn)
 g - a +0 helmet (worn)
Scrolls
 h - a scroll of immolation {unknown}
 i - 3 scrolls of teleportation {unknown}
 j - 3 scrolls of identify {unknown}
 k - a scroll of noise {unknown}
 p - a scroll of fog {unknown}
 q - a scroll of amnesia {unknown}
Books
 b - a book of Callings

   Spells                             Type                      Level
   a - Summon Small Mammal            Summoning                    1
   b - Call Imp                       Summoning                    2
   c - Call Canine Familiar           Summoning                    3
   d - Summon Guardian Golem          Hexes/Summoning              3
   e - Summon Lightning Spire         Summoning/Air                4
   f - Summon Ice Beast               Ice/Summoning                4
Comestibles
 c - 2 bread rations
 f - 2 meat rations
 s - a chunk of flesh


   Skills:
 - Level 1.7 Dodging
 - Level 1.7 Stealth
 - Level 2.0 Spellcasting
 + Level 5.3 Summonings


You had 3 spell levels left.
You knew the following spells:

 Your Spells              Type           Power        Failure   Level  Hunger
a - Summon Small Mammal   Summ           ###.         2%          1    #......
b - Call Imp              Summ           ###.....     3%          2    ###....


Dungeon Overview and Level Annotations

Branches:
Dungeon (3/15)

Altars:

Annotations:
D:3 Natasha, Sigmund


Innate Abilities, Weirdness & Mutations

You have sharp toenails.


Message History

* * * LOW HITPOINT WARNING * * *
The bat hits you but does no damage.
Unknown command.
A worm comes into view.
The bat hits you but does no damage.
Natasha stares at you and mumbles some strange words.
The magic dart hits you!
* * * LOW HITPOINT WARNING * * *
Natasha stares next to you and mumbles some strange words.
A cloud of flames roars to life!
Drink which item? (? for menu, Esc to quit)
It was a potion of magic.
Magic courses through your body. The bat hits you but does no damage.
Drink which item? (? for menu, Esc to quit)
It was a potion of invisibility.
You fade into invisibility!
The bat hits you but does no damage. Natasha barely misses you.
You are very lightly contaminated with residual magic.
Unknown command.
Are you sure you want to abandon this character and quit the game? (Confirm with "yes".)

w. ..## #.... #.....
##...... ##.#.....
#.######h.....##
......ยง@b.# ..#
...#.####5##...# ..#
##.##...# ....#.o##...#
.....5.#.....#
@...........##..#
.#..%........###.###
............@.o...#
#........#####...####..


You could see a worm (sleeping), Natasha, a bat and a friendly crimson imp.

Vanquished Creatures
  Natasha (D:3)
  2 orcs (D:3)
  2 hobgoblins
  2 jackals (D:2)
  A bat (D:1)
  2 goblins (D:2)
  A kobold (D:2)
  A quokka (D:2)
12 creatures vanquished.

Vanquished Creatures (collateral kills)
  2 worms (D:2)
  A bat (D:2)
  3 goblins
  5 hobgoblins
  2 jackals (D:2)
  3 kobolds (D:2)
  2 giant cockroaches
  2 giant newts
  2 rats (D:2)
22 creatures vanquished.

Grand Total: 34 creatures vanquished

Notes
Turn   | Place    | Note
--------------------------------------------------------------
     0 | D:1      | jacquesderrida the Demonspawn Summoner began the quest for the Orb.
     0 | D:1      | Reached XP level 1. HP: 13/13 MP: 3/3
   322 | D:2      | Gained mutation: You have sharp toenails. [demonic ancestry]
   322 | D:2      | Reached XP level 2. HP: 11/19 MP: 1/5
   457 | D:2      | Learned a level 2 spell: Call Imp
   679 | D:3      | Noticed Natasha
   687 | D:3      | Killed Natasha
   687 | D:3      | Reached skill level 5 in Summonings
   687 | D:3      | Reached XP level 3. HP: 12/24 MP: 1/6
   708 | D:3      | Noticed Sigmund
   734 | D:3      | Noticed Natasha
   739 | D:3      | Quit the game

Action                   || total
-------------------------++-------
Melee: Dagger            ||    10
       Spear             ||    60
 Cast: Summon Small Mamm ||    27
       Call Imp          ||     9
  Use: Potion            ||     2
 Stab: Sleeping          ||     3
